 Dungeon Crawl Stone Soup version 0.20.1-1-g8b1a95d (webtiles) character file.

32 Feta the Twirler (level 3, 0/22 HPs)
             Began as a Gargoyle Gladiator on Sept 5, 2017.
             Slain by an adder (4 damage)
             ... on level 2 of the Dungeon.
             The game lasted 00:01:44 (998 turns).

Feta the Twirler (Gargoyle Gladiator)                Turns: 998, Time: 00:01:45

Health: 0/22       AC:  7    Str: 20    XL:     3   Next: 27%
Magic:  3/3        EV: 12    Int:  9    God:
Gold:   54         SH:  0    Dex: 11    Spells: 2/2 levels left

rFire    + . .     SeeInvis .   a - +0 quarterstaff
rCold    . . .     Gourm    .   (shield currently unavailable)
rNeg     + . .     Faith    .   b - +0 leather armour
rPois    ∞         Spirit   .   c - +0 helmet
rElec    +         Reflect  .   (no cloak)
rCorr    .         Harm     .   (no gloves)
MR       .....                  (no boots)
Stlth    +.........             (no amulet)
Regen    0.1/turn               o - ring of protection from fire
MPRegen  0.1/turn               j - +3 ring of strength

@: no status effects
A: negative energy resistance 1, electricity resistance, unbreathing,
petrification resistance, rot immunity, AC +3
a: no special abilities


You were on level 2 of the Dungeon.
You were not hungry.

You visited 1 branch of the dungeon, and saw 2 of its levels.

You collected 54 gold pieces.

Inventory:

Hand Weapons
 a - a +0 quarterstaff (weapon)
Missiles
 d - 3 throwing nets (quivered)
 h - 10 poisoned needles
 l - 17 stones
 m - 5 needles of sleeping
Armour
 b - a +0 leather armour (worn)
 c - a +0 helmet (worn)
Jewellery
 g - an uncursed ring of resist corrosion
 j - a +3 ring of strength (right hand)
 o - a ring of protection from fire (left hand)
Scrolls
 i - a scroll of identify {unknown}
 k - a scroll of magic mapping {unknown}
 r - a scroll of blinking {unknown}
Potions
 e - 2 potions of heal wounds {unknown}
 n - a potion of mutation {unknown}
 p - a potion of curing {unknown}
 s - a potion of lignification {unknown}
Comestibles
 f - a bread ration
 q - 3 fruits
 t - a chunk of flesh


   Skills:
 + Level 2.5 Fighting
 + Level 3.6 Staves
 - Level 1.7 Throwing
 + Level 0.7 Armour
 + Level 2.7 Dodging


You had 2 spell levels left.
You didn't know any spells.

Dungeon Overview and Level Annotations

Branches:
Dungeon (2/15)

Altars:


Innate Abilities, Weirdness & Mutations

You are resistant to torment.
Your stone body is resilient. (AC +3)
You are immune to poison.
You resist negative energy. (rN+)
You are resistant to electric shocks. (rElec)
You can survive without breathing.
You are immune to petrification.
You are immune to rotting.


Message History

The adder is heavily wounded.
The adder bites you but does no damage. The hobgoblin hits you.
You closely miss the adder.
The adder is heavily wounded.
The adder bites you. x2; The hobgoblin closely misses you.
You are too injured to fight recklessly!
You are too injured to fight recklessly!
You are too injured to fight recklessly!
Unknown command.
You hit the hobgoblin.
The hobgoblin is almost dead.
The adder bites you but does no damage.
The hobgoblin hits you but does no damage.
The adder bites you.
* * * LOW HITPOINT WARNING * * *
A bat comes into view.
You closely miss the hobgoblin.
The hobgoblin is almost dead.
The hobgoblin closely misses you. The adder bites you.
You die...

#########.# #.#
..# #.# #.###..#
##.#####..†..>#
...........###...
...........#
...........#
...........###.
...###.........
.# #@g........
#†S..w.....
...........
...[........
.......b.....
..##........$ ###
#.........
.........


You could see an adder, a dart slug, a hobgoblin and a bat.

Vanquished Creatures
  2 worms (D:2)
  A leopard gecko (D:2)
  A giant cockroach (D:2)
  2 goblins (D:2)
  5 hobgoblins
  2 jackals (D:2)
  2 kobolds
  3 bats
  2 frilled lizards (D:2)
  5 rats
25 creatures vanquished.

Notes
Turn   | Place    | Note
-------+----------+-------------------------------------------
     0 | D:1      | Feta the Gargoyle Gladiator began the quest for the Orb.
     0 | D:1      | Reached XP level 1. HP: 12/12 MP: 1/1
   211 | D:1      | Reached XP level 2. HP: 17/17 MP: 2/2
   928 | D:2      | Reached XP level 3. HP: 18/22 MP: 3/3
   998 | D:2      | Slain by an adder

Action                   || total
-------------------------++-------
Melee: Quarterstaff      ||    74
Armor: Leather armour    ||    34
Dodge: Dodged            ||    36
